[Event "EYCC Girls U16 2018"]
[Site "Riga"]
[Date "2018.08.27"]
[Round "7"]
[White "Verbin, Valentina"]
[Black "Malicka, Maria"]
[Result "1-0"]
[ECO "C76"]
[WhiteElo "1838"]
[BlackElo "2047"]
[Annotator "NA"]
[PlyCount "101"]
[EventDate "2018.08.20"]
[EventType "swiss"]
[EventCountry "LAT"]
[SourceTitle "playchess.com"]
[Source "ChessBase"]
[SourceQuality "1"]
[TimeControl "40/5400+30:1800+30"]

1. e4 e5 2. Nf3 Nc6 3. Bb5 g6 4. c3 a6 5. Ba4 d6 6. d4 Bd7 7. Be3 Bg7 8. O-O Nf6 9. Nbd2 O-O 10. h3 {[%emt 0:05:26] C76: Spanische Partie (Moderne Steinitz-Verteidigung)} (10. Re1 Qe8 11. Bxc6 Bxc6 12. dxe5 Ng4 13. exd6 Nxe3 14. Rxe3 Rd8 15. e5 cxd6 16. exd6 Qd7 17. Nc4 Bb5 {1-0 (47) Alekseev,E (2616)-Van Foreest,J (2629) Riadh 2017}) 10... Re8 11. Bc2 exd4 12. Nxd4 d5 13. Bg5 $146 ({Vorgänger:} 13. exd5 Nxd5 14. Bb3 Nxe3 15. fxe3 Re7 16. Bd5 Qe8 {½-½ (16) Sir,Z-Pliva,V Karvina 1987}) 13... Nxd4 14. cxd4 h6 15. Bxf6 Qxf6 16. e5 Qf4 17. Nb3 b6 18. g3 Qg5 19. Kh2 f5 20. f4 Qe7 21. Qf3 Be6 22. a4 c5 23. a5 c4 24. Nd2 Qb4 25. Qc3 bxa5 26. Rxa5 Reb8 27. Rb1 Bf8 28. g4 Kf7 29. gxf5 gxf5 30. Ra4 Qb6 31. Qe3 Be7 32. b3 cxb3 33. Rxb3 Qc6 34. Rc3 Qb5 35. Qf3 Kg6 36. Ra1 Kh7 37. Qh5 Qd7 38. Ba4 Qa7 39. Nf3 Rb2+ 40. Bc2 Rg8 41. Kh1 Qd7 42. Rxa6 Rxc2 43. Rxc2 $18 Qb5 44. Raa2 Qf1+ 45. Kh2 Rg7 46. Rg2 Bf7 47. Qxf5+ Bg6 48. Qg4 Bf8 49. f5 Be8 50. Qf4 Bh5 51. Ng5+ 1-0

[Event "EYCC Girls U16 2018"]
[Site "Riga"]
[Date "2018.08.28"]
[Round "8"]
[White "Kucharska, Honorata"]
[Black "Verbin, Valentina"]
[Result "1/2-1/2"]
[ECO "B53"]
[WhiteElo "2030"]
[BlackElo "1838"]
[Annotator "NA RC"]
[PlyCount "90"]
[EventDate "2018.08.20"]
[EventType "swiss"]
[EventCountry "LAT"]
[SourceTitle "playchess.com"]
[Source "ChessBase"]
[SourceQuality "1"]
[TimeControl "40/5400+30:1800+30"]

1. e4 c5 2. Nf3 d6 3. d4 cxd4 4. Qxd4 Nc6 5. Bb5 Bd7 6. Bxc6 Bxc6 7. Nc3 h6 8. Qd3 e5 9. Nd2 {[%emt 0:00:43] B53: Sicilian: 2...d6: Lines with Qxd4} Nf6 10. Nc4 b5 (10... Be7 11. Ne3 O-O 12. O-O Re8 13. a4 a6 14. a5 b5 15. axb6 Qxb6 16. Ncd5 Nxd5 17. Nxd5 Bxd5 18. Qxd5 {½-½ (18) Zvjaginsev,V (2643)-Navara,D (2708) Rijeka 2010}) 11. Ne3 Rc8 12. O-O Qd7 13. f3 $146 ({Predecessor:} 13. Ncd5 Bxd5 14. exd5 Nh5 15. a4 b4 16. Qb5 {0-1 (46) Savitskiy,S (2347)-Alikulov,E (2232) Moscow 2014}) 13... b4 14. Ne2 d5 15. exd5 Nxd5 16. Nxd5 Qxd5 17. Be3 Qxd3 18. cxd3 Bb5 19. Rac1 Rd8 20. Rfe1 Bxd3 21. Nf4 Be7 ({Jedoch nicht} 21... exf4 $2 22. Bb6+ Kd7 23. Bxd8 $18) 22. Nxd3 Rxd3 23. Rc7 Bd8 24. Rxa7 O-O 25. Bc5 Re8 26. Rb7 Rd2 27. Rb8 f6 28. Bxb4 Rxb2 29. Rd1 Kf7 30. Rd7+ Ke6 31. Rd6+ Kf7 32. a3 Be7 33. Rb7 Kg6 34. Rdd7 Rc8 35. h4 Bxb4 36. Rxg7+ Kh5 37. axb4 Rc4 38. Rbf7 Rf4 39. Rf8 Rbxb4 40. Rh8 e4 41. fxe4 Rb1+ 42. Kh2 Rxh4+ 43. Kg3 Rb3+ 44. Kf2 Rxe4 45. Rgh7 $11 Rf4+ 1/2-1/2

[Event "EYCC Girls U16 2018"]
[Site "Riga"]
[Date "2018.08.28"]
[Round "8"]
[White "Grigorieva, Yulia"]
[Black "Nestorovic, Katarina"]
[Result "1-0"]
[ECO "E16"]
[WhiteElo "1992"]
[BlackElo "1995"]
[Annotator "NA RC"]
[PlyCount "61"]
[EventDate "2018.08.20"]
[EventType "swiss"]
[EventCountry "LAT"]
[SourceTitle "playchess.com"]
[Source "ChessBase"]
[SourceQuality "1"]
[TimeControl "40/5400+30:1800+30"]

1. d4 Nf6 2. c4 e6 3. Nf3 Bb4+ 4. Bd2 Qe7 5. g3 Nc6 6. Nc3 O-O 7. Bg2 Bxc3 8. Bxc3 Ne4 9. Rc1 Nxc3 10. Rxc3 d6 11. d5 Nb8 12. dxe6 fxe6 13. O-O a5 14. c5 dxc5 15. Qc2 Nd7 16. h4 Ra6 17. Ng5 g6 $16 18. Be4 b5 19. f4 Qg7 20. Rf2 Nf6 21. Rxc5 Ng4 22. Rf3 Qd4+ 23. Kg2 Rd6 24. Rxc7 Bd7 25. Bxg6 Ne3+ 26. Rxe3 Qxe3 27. Be8 Rf5 28. Rxd7 Rxd7 29. Bxd7 Rf6 30. Bxe6+ Rxe6 31. Qxh7+ 1-0

[Event "EYCC Girls U16 2018"]
[Site "Riga"]
[Date "2018.08.28"]
[Round "8"]
[White "Swiech, Joanna"]
[Black "Bucur, Denisa Andreea"]
[Result "1/2-1/2"]
[ECO "D02"]
[WhiteElo "1946"]
[BlackElo "2077"]
[Annotator "NA RC"]
[PlyCount "70"]
[EventDate "2018.08.20"]
[EventType "swiss"]
[EventCountry "LAT"]
[SourceTitle "playchess.com"]
[Source "ChessBase"]
[SourceQuality "1"]
[TimeControl "40/5400+30:1800+30"]

1. Nf3 d5 2. d4 Nf6 3. Bf4 c5 4. e3 Nc6 5. c3 Qb6 6. Qb3 c4 7. Qxb6 axb6 8. Nbd2 Bf5 {[%emt 0:01:02] D02: 1 d4 d5 2 Nf3 sidelines, including 2...Nf6 3 g3 and 2...Nf6 3 Bf4} 9. Be2 (9. a3 h6 10. Be2 b5 11. O-O e6 12. Ne5 Nxe5 13. dxe5 Nd7 14. Nf3 Bg4 15. Nd4 Bxe2 16. Nxe2 Nc5 17. Nd4 Ra5 18. Bg3 Be7 19. f3 O-O 20. Rad1 {½-½ (52) Eljanov,P (2717)-Bluebaum,M (2588) Berlin 2015}) 9... b5 10. Nh4 Bc2 11. Rc1 Bg6 12. Nxg6 hxg6 13. a3 e6 14. Bf3 $146 ({Predecessor:} 14. Nf3 Be7 15. h3 Ne4 {½-½ (66) Mondelo Fidalgo,A (1739)-Ortiz Amenos,J (2039) Linares 2014}) 14... Be7 15. g4 Nd7 16. e4 Nb6 17. O-O O-O 18. Rc2 dxe4 19. Bxe4 Nd5 20. Be5 f6 21. Bxd5 exd5 22. Bf4 b4 23. axb4 Bxb4 24. Nf3 Be7 25. Re1 Kf7 26. Rce2 Rfe8 27. Re6 Bf8 28. Rxe8 Rxe8 29. Rxe8 Kxe8 30. Kf1 b5 31. Ke2 b4 32. Ne1 Kd7 33. Ng2 bxc3 34. bxc3 $11 Ba3 35. Bd2 Ne7 1/2-1/2

[Event "EYCC Girls U16 2018"]
[Site "Riga"]
[Date "2018.08.29"]
[Round "9"]
[White "Bucur, Denisa Andreea"]
[Black "Aubert, Estee"]
[Result "0-1"]
[ECO "A48"]
[WhiteElo "2077"]
[BlackElo "1934"]
[Annotator "NA"]
[PlyCount "87"]
[EventDate "2018.08.20"]
[EventType "swiss"]
[EventCountry "LAT"]
[SourceTitle "playchess.com"]
[Source "ChessBase"]
[SourceQuality "1"]
[TimeControl "40/5400+30:1800+30"]

1. d4 Nf6 2. Nf3 g6 3. c4 Bg7 4. g3 c5 5. Bg2 Qa5+ 6. Bd2 Qb6 7. dxc5 Qxc5 {[%emt 0:00:30] E60: King's Indian: Unusual lines and Fianchetto Variation without Nc3} 8. Qb3 Ne4 9. Be3 Qa5+ 10. Nbd2 Nc6 11. O-O Nc5 (11... Nd6 12. Rfd1 Nf5 13. Nf1 Nxe3 14. Nxe3 O-O 15. Rac1 {0-1 (54) Grachev,B (2672)-Inarkiev,E (2666) Vladivostok 2014}) 12. Qc2 {[%emt 0:05:06] LiveBook: 3 Games} d6 13. Nb3 Nxb3 14. axb3 Bf5 $146 ({Predecessor:} 14... Qc7 15. Qd2 {1-0 (37) Itkis,B (2440)-Milu,R (2425) Predeal 1997}) 15. Qc1 Qc7 16. Qd2 O-O 17. Nd4 Nxd4 18. Bxd4 Bxd4 19. Qxd4 a5 20. Ra3 Rac8 21. Rc1 b6 22. b4 axb4 23. Rb3 Qc5 24. Qd2 b5 25. Rxb4 bxc4 26. Rbxc4 Qxc4 27. Rxc4 Rxc4 28. Qe3 Rb8 29. b3 Rc2 30. Be4 Bxe4 31. Qxe4 Rc7 32. b4 Rcb7 33. h4 h5 34. Kg2 e6 35. Qd4 d5 36. Qf6 Rxb4 37. Qe5 Rc8 38. Qd6 Rb2 39. g4 Rxe2 40. gxh5 Rcc2 41. Qd8+ Kh7 42. h6 $19 (42. hxg6+ $11 Kg7 43. gxf7 Rxf2+ 44. Kg3 Rxf7 45. Qg5+ Kh7 46. Qh5+ Kg8 47. Qe5) 42... Rxf2+ 43. Kg3 Rg2+ 44. Kf3 0-1

[Event "EYCC Girls U16 2018"]
[Site "Riga"]
[Date "2018.08.29"]
[Round "9"]
[White "Swiech, Joanna"]
[Black "Malicka, Maria"]
[Result "1/2-1/2"]
[ECO "A22"]
[WhiteElo "1946"]
[BlackElo "2047"]
[Annotator "NA"]
[PlyCount "140"]
[EventDate "2018.08.20"]
[EventType "swiss"]
[EventCountry "LAT"]
[SourceTitle "playchess.com"]
[Source "ChessBase"]
[SourceQuality "1"]
[TimeControl "40/5400+30:1800+30"]

1. c4 e5 2. Nc3 Nf6 3. g3 Nc6 4. Bg2 Bc5 5. e3 d5 {[%emt 0:00:09] A25: English Opening vs King's Indian with ...Nc6 but without early d3} (5... a6 6. Nge2 Ba7 7. b3 d6 8. Bb2 O-O 9. O-O Bf5 10. Nd5 Nxd5 11. cxd5 Nb4 12. d4 exd4 13. Bxd4 c5 {1-0 (32) Romanov,E (2617)-Ter Sahakyan,S (2563) chess.com INT 2018}) 6. d3 dxc4 $146 ({Predecessor:} 6... Be6 7. b3 d4 8. Nce2 Ng4 9. e4 Qf6 10. Nf3 h5 11. Bg5 Qg6 {0-1 (55) Viol,J-Schoeneberger,T (1393) Wiesbaden 2012}) 7. dxc4 Qxd1+ 8. Kxd1 Be6 9. Bxc6+ bxc6 10. b3 O-O-O+ 11. Ke2 e4 ({Better is} 11... Bf5 $17 12. Bb2 Rhe8) 12. f3 (12. h3 $1 $15) 12... exf3+ 13. Nxf3 Bg4 14. h3 Bb4 15. Bb2 Bxf3+ 16. Kxf3 Rd2 17. Na4 Re8 18. Bxf6 gxf6 19. a3 Bf8 20. Rhd1 Red8 21. Nc3 R2d3 22. Rxd3 Rxd3 23. Ne4 f5 24. Ng5 Rxb3 25. Nxh7 Bh6 26. Kg2 Rxe3 27. Rf1 f4 28. gxf4 Rxa3 29. Ng5 f6 30. Ne4 f5 31. Ng3 Ra2+ 32. Kf3 Ra3+ 33. Kg2 Ra2+ 34. Kf3 Ra3+ 35. Kg2 Ra5 36. Kf3 Kd7 37. Rd1+ Ke6 38. Nf1 Ra3+ 39. Ne3 a5 40. Rd8 Bg7 41. Ke2 a4 42. Rc8 Kd7 43. Rg8 Bb2 44. Ra8 Bc1 45. Nxf5 Bxf4 46. h4 c5 47. Ra5 Ke6 48. Rxc5 Be5 49. Nh6 Rg3 50. Nf7 Bf4 51. Ng5+ Kd7 52. Ra5 a3 53. Kd1 Bd6 54. Ne4 Rg1+ 55. Kc2 Bb4 56. Ra4 c5 57. Nf6+ Ke6 58. Nd5 Rh1 59. h5 Ke5 60. Kb3 Rh3+ 61. Ka2 Rh2+ 62. Ka1 Rh1+ 63. Ka2 Rh2+ 64. Ka1 Rh1+ 65. Ka2 Rh2+ 66. Ka1 Rb2 67. h6 Kd4 68. h7 Rh2 69. Nxb4 $11 cxb4 70. Rxb4 Ke5 1/2-1/2